 Seeded DCSS version 0.32-a0-995-gb4a59205af (webtiles) character file.

Game seed: 202404223 (custom seed)

2195 Orlauf the Cleaver (level 9, -2/71 HPs)
             Began as a Demonspawn Gladiator on Apr 22, 2024.
             Was a High Priest of Uskayaw.
             Killed by divine providence
             ... invoked by an orc priest
              (12 damage)
             ... on level 7 of the Dungeon.
             The game lasted 00:08:53 (6232 turns).

Orlauf the Cleaver (Demonspawn Gladiator)           Turns: 6232, Time: 00:08:53

Health: -2/71      AC: 12    Str: 19    XL:     9   Next: 12%
Magic:  13/13      EV:  5    Int:  8    God:    Uskayaw [*****.]
Gold:   157        SH:  0    Dex: 15    Spells: 8/8 levels left

rFire   . . .        b - +0 broad axe
rCold   . . .        (no shield)
rNeg    . . .        q - +0 plate armour
rPois   .            c - +0 helmet
rElec   .            (no cloak)
rCorr   .            (no gloves)
SInv    .            j - +0 pair of boots
Will    +....        s - amulet of the acrobat Stlth
                     t - ring of willpower
HPRegen 0.31/turn    (no ring)
MPRegen 0.13/turn

%: acrobat
@: lethally poisoned (-2 -> -13), wreathed by umbra
A: powered by pain 2, foul shadow 1
a: Renounce Religion, Stomp, Line Pass, Grand Finale


You were on level 7 of the Dungeon.
You worshipped Uskayaw.
Uskayaw was noncommittal.
You visited 2 branches of the dungeon, and saw 8 of its levels.

You collected 313 gold pieces.
You spent 156 gold pieces at shops.

Inventory:

Hand Weapons
 a - a +1 war axe
 b - a +0 broad axe (weapon)
 m - the +4 short sword "Tadghoroc" {pain, rElec Will+ rCorr Dex-4}
   (You took it off a kobold on level 2 of the Dungeon)

   Dex-4:     It affects your dexterity (-4).
   rElec:     It insulates you from electricity.
   Will+:     It increases your willpower.
   rCorr:     It protects you from acid and corrosion.
Missiles
 d - 3 throwing nets (quivered)
 r - 6 curare-tipped darts
Armour
 c - a +0 helmet (worn)
 j - a +0 pair of boots (worn)
 q - a +0 plate armour (worn)
Jewellery
 s - an amulet of the acrobat (around neck)
 t - a ring of willpower (left hand)
Wands
 x - a wand of mindburst (15)
Scrolls
 e - 3 scrolls of enchant weapon
 g - 4 scrolls of teleportation
 k - a scroll of butterflies
 l - 2 scrolls of fog
 u - 3 scrolls of revelation
 w - a scroll of identify
Potions
 h - 2 potions of lignification
 i - 5 potions of haste
 n - a potion of enlightenment
 o - 2 potions of curing
 p - a potion of might


   Skills:
 + Level 6.6 Fighting
 * Level 8.8 Axes
 - Level 1.7 Throwing
 - Level 2.6 Dodging
 + Level 6.2 Invocations


You had 8 spell levels left.
You didn't know any spells.
Your spell library contained the following spells:

 Spells                   Type           Power      Damage    Failure   Level
 Ensorcelled Hibernation  Hex/Ice        0%         N/A       100%        2
 Fugue of the Fallen      Necr           0%         N/A       100%        3
 Anguish                  Hex/Necr       0%         N/A       100%        4


Dungeon Overview and Level Annotations

Branches:
Dungeon (7/15)             Temple (1/1) D:4

Altars:
Ashenzari
Cheibriados
Gozag
Hepliaklqana
Kikubaaqudgha
Makhleb
Nemelex Xobeh
Okawaru
Qazlal
Ru
Sif Muna
Trog
Uskayaw
Vehumet
Yredelemnul

Shops:
D:4 !(!=   D:6 (

Portals:
Bailey: D:7


Innate Abilities, Weirdness & Mutations

You sometimes gain power by taking damage.
You are faintly shadowed, very rarely releasing foul flame when damaged in melee.


Message History

You barely miss the killer bee.
The killer bee is severely wounded.
You slash the howler monkey!
You kill the howler monkey!
You feel very sick. The killer bee stings you.
A killer bee comes into view.
The killer bee stings you but does no damage. x2
The orc priest casts a cantrip, but nothing happens.
Uskayaw links your audience in an emotional bond!
The killer bee buzzes angrily.
You hit the killer bee but do no damage.
The killer bee is severely wounded.
You closely miss the killer bee.
You feel sick. The killer bee barely misses you.
The killer bee stings you but does no damage.
The killer bee barely misses you. The killer bee closely misses you.
The killer bee stings you but does no damage.
The killer bee barely misses you.
You miss the killer bee.
The killer bee is severely wounded.
You barely miss the killer bee.
You feel sick.
The killer bee stings you but does no damage.
The killer bee stings you!
* * * LOW HITPOINT WARNING * * *
The killer bee stings you but does no damage.
The killer bee stings you!
* * * LOW HITPOINT WARNING * * *
You are lethally poisoned!
The killer bee poisons you!
You miss the killer bee. You barely miss the killer bee.
* * * LOW HITPOINT WARNING * * *
You feel very sick.
The killer bee is no longer sharing its pain.
The killer bee completely misses you.
The killer bee stings you but does no damage.
The orc priest calls down the wrath of Beogh upon you.
Beogh smites you!
You die...
Your body falls in perfect tune with the rhythm.

....... .......
....... ...)...
..)∩)yo #####
...).Fo #...#
....yfy####
#._.#
#y@)'######...#
#####.$.#.###.#
#.#.#....##
#.#...##)#
#.##...#.#
##....#.#)#
#.###.#...##
#...######'##
#._.# #...#


You could see a sleepcap (pain bonded), a bullfrog (pain bonded), 4 killer bees,
an orc priest (pain bonded) and an orc (pain bonded).

Vanquished Creatures
  Pikel (D:6)
  Edmund (D:4)
  A sky beast (D:7)
  A black bear (D:3)
  3 ogres
  A phantom (D:5)
  3 lemures (D:6)
  A gnoll sergeant (D:6)
  2 scorpions (D:5)
  3 howler monkeys (D:7)
  A bombardier beetle (D:3)
  A gnoll bouda (D:4)
  3 hounds
  3 orc priests
  3 iguanas
  A sleepcap (D:6)
  6 orc wizards
  12 gnolls
  6 adders
  A shadow imp (D:5)
  2 white imps
  8 ufetubi
  4 dart slugs
  18 orcs
  5 bats
  9 endoplasms
  5 giant cockroaches
  5 hobgoblins
  3 jackals (D:1)
  5 quokkas
  4 ball pythons
  4 frilled lizards
  3 goblins
  7 kobolds
  9 rats
145 creatures vanquished.

Notes
Turn   | Place    | Note
-------+----------+-------------------------------------------
     0 | D:1      | Orlauf the Demonspawn Gladiator began the quest for the
                  | Orb.
     0 | D:1      | Reached XP level 1. HP: 16/16 MP: 1/1
   104 | D:1      | Reached skill level 3 in Axes
   218 | D:1      | Gained mutation: You sometimes gain a little power by
                  | taking damage. [demonic ancestry]
   218 | D:1      | Reached XP level 2. HP: 22/22 MP: 2/2
   667 | D:1      | Reached XP level 3. HP: 26/28 MP: 3/3
  1130 | D:2      | Found a faded altar of an unknown god.
  1339 | D:2      | Identified the +4 short sword "Tadghoroc" {pain, rElec
                  | Will+ rCorr Dex-4}
  1440 | D:2      | Reached skill level 4 in Axes
  1440 | D:2      | Reached XP level 4. HP: 13/35 MP: 4/4
  2103 | D:3      | Noticed a black bear
  2113 | D:3      | Killed a black bear
  2114 | D:3      | Reached skill level 5 in Axes
  2114 | D:3      | Reached XP level 5. HP: 34/42 MP: 5/5
  2595 | D:4      | Found Dojib's Jewellery Shoppe.
  2653 | D:4      | Gained mutation: You sometimes gain power by taking damage.
                  | [demonic ancestry]
  2653 | D:4      | Reached XP level 6. HP: 42/48 MP: 6/6
  2722 | D:4      | Noticed Edmund
  2740 | D:4      | Killed Edmund
  2895 | D:4      | Found Xuzoipt's Distillery.
  2898 | D:4      | Found Ruodyisirch's Weapon Shop.
  2901 | D:4      | Bought a potion of curing for 36 gold pieces
  2901 | D:4      | Bought 2 potions of heal wounds for 120 gold pieces
  2929 | D:4      | Found Hutuk's Distillery.
  3215 | D:4      | Found a staircase to the Ecumenical Temple.
  3383 | Temple   | Entered the Ecumenical Temple
  3412 | Temple   | Became a worshipper of Uskayaw the Reveller
  3564 | D:4      | Found Ippaapt's Magic Scroll Boutique.
  3579 | D:4      | Reached * piety under Uskayaw
  3673 | D:4      | Reached skill level 6 in Axes
  3807 | D:5      | Entered Level 5 of the Dungeon
  3814 | D:5      | Reached ** piety under Uskayaw
  3816 | D:5      | Reached skill level 1 in Invocations
  3816 | D:5      | Reached XP level 7. HP: 55/55 MP: 7/7
  3826 | D:5      | Reached *** piety under Uskayaw
  3874 | D:5      | Reached **** piety under Uskayaw
  4072 | D:5      | Reached skill level 5 in Fighting
  4702 | D:5      | Reached skill level 7 in Axes
  4771 | D:6      | Noticed Pikel
  4782 | D:6      | Killed Pikel
  4783 | D:6      | Gained mutation: You are faintly shadowed, very rarely
                  | releasing foul flame when damaged in melee. [demonic
                  | ancestry]
  4783 | D:6      | Reached XP level 8. HP: 26/64 MP: 9/11
  4961 | D:6      | Found Meex's Antique Weapon Emporium.
  5123 | D:6      | Identified the +1 rapier "Ixecapid" {venom, rPois rF- Str+9
                  | Stlth-}
  5148 | D:6      | Reached skill level 5 in Invocations
  5208 | D:6      | Reached skill level 8 in Axes
  6003 | D:6      | Found a hazy altar of Hepliaklqana.
  6144 | D:7      | Reached XP level 9. HP: 50/71 MP: 13/13
  6177 | D:7      | Found a stormy altar of Qazlal.
  6186 | D:7      | Found an iron altar of Okawaru.
  6211 | D:7      | Found a flagged portal.
  6224 | D:7      | Reached ***** piety under Uskayaw
  6232 | D:7      | Killed from afar by an orc priest

Illustrated notes

Levels and vault maps discovered:
D:1:      matt_arrival_los_fun, layout_loops_ring
D:2:      layout_basic, hellmonk_ecumenical_altar_zigzags,
          dreamdust_wishing_well, minmay_pentomino_x2
D:3:      layout_loops_ring
D:4:      layout_loops_ring, minmay_temple_entry_statues, serial_shops, shop,
          nicolae_shop_waterfront, nicolae_diamond_shop, shop, shop_statue,
          minivault_27, serial_bayou_lagoon_b, uniq_edmund
D:5:      layout_loops_ring
D:6:      layout_basic, minitemple, serial_shops, nicolae_shop_trees, uniq_pikel
D:7:      layout_basic, mainiacjoe_overflow_swirl, enter_bailey_2
Temple:   dpeg_chambers_temple

Skill      XL: |  1  2  3  4  5  6  7  8  9 |
---------------+----------------------------+-----
Axes           | 3 4 5 6 7 8 |  8.8
Fighting       | 3 4 5 6 |  6.6
Invocations    | 1 4 5 6 |  6.2
Throwing       | |  1.7
Dodging        | |  2.6

Action                     |  1- 3 |  4- 6 |  7- 9 || total
---------------------------+-------+-------+-------++-------
  Melee: War axe           |   119 |   133 |    50 ||   302
         Broad axe         |       |       |   183 ||   183
  Throw: Throwing net      |       |     3 |       ||     3
         Javelin           |       |     1 |       ||     1
    Use: Scroll            |     3 |     8 |     2 ||    13
         Potion            |     1 |       |     3 ||     4
   Stab: Sleeping          |     1 |       |       ||     1
         Held in net/web   |       |     2 |       ||     2
         Paralysed         |       |       |    15 ||    15
 Armour: Leather armour    |    48 |       |       ||    48
         Ring mail         |    53 |    32 |       ||    85
         Skin              |     1 |       |       ||     1
         Plate armour      |       |    70 |   295 ||   365
  Dodge: Dodged            |    78 |    58 |    96 ||   232

Table legend: (Time is in decaauts)
 A = Elapsed time spent in this place.
 B = Non-inter-level travel time spent in this place.
 C = Inter-level travel time spent in this place.
 D = Time resting spent in this place.
 E = Time spent auto-exploring this place.
 F = Levels seen in this place.
 G = Mean time per level.
                   A        B        C        D        E       F      G
               +--------+--------+--------+--------+--------+-----+--------+
         Total |   6373 |   6112 |    261 |    784 |   4141 |   8 |  796.6 |
       Dungeon |   6316 |   6083 |    233 |    784 |   4141 |   7 |  902.3 |
        Temple |     56 |     29 |     27 |      0 |      0 |   1 |   56.0 |
               +--------+--------+--------+--------+--------+-----+--------+

Top non-repeatable levels by time:
     D:6: 1375 daAuts
     D:4: 1209 daAuts
     D:2: 1037 daAuts
     D:5: 983 daAuts
     D:1: 938 daAuts
     D:3: 659 daAuts
     D:7: 113 daAuts
  Temple: 56 daAuts
